 Dungeon Crawl Stone Soup version 0.31.0-10-gcf4a605ca0 (webtiles) character file.

Game seed: 14978497544494321990

77 mopl the Ruffian (level 4, -1/32 HPs)
             Began as a Djinni Shapeshifter on Jan 25, 2024.
             Slain by an orc
             ... wielding a +0 flail
              (5 damage)
             ... on level 2 of the Dungeon.
             The game lasted 00:01:41 (1942 turns).

mopl the Ruffian (Djinni Shapeshifter)              Turns: 1942, Time: 00:01:42

Health: -1/32      AC:  2    Str: 15    XL:     4   Next: 60%
Gold:   66         EV: 12    Int: 12    God:
                   SH:  0    Dex: 18

rFire   + +          .
                       - Unarmed
rCold   x . .        (no shield)
rNeg    . . .        a - +0 animal skin
rPois   ∞            (helmet currently unavailable)
rElec   .            (cloak currently unavailable)
rCorr   .            (gloves currently unavailable)
SInv    .            (boots unavailable)
Will    .....        (no amulet)
Stlth   ++           m - +6 ring of dexterity
HPRegen 0.25/turn    (no ring)
MPRegen 0.00/turn

%: infuse magic (-2 HP)
@: beast-form, flying
A: beast (slay +2), flying, sickness immunity, fire resistance 2, cold
vulnerability 1, float, innate caster, HP casting, extra vitality 1
a: Begin Untransformation


You were on level 2 of the Dungeon.
You were a hulking beast.
You visited 1 branch of the dungeon, and saw 3 of its levels.

You collected 66 gold pieces.

Inventory:

Armour
 a - a +0 animal skin (worn)
 l - a +0 helmet
 n - the +2 cloak "Unavvaet" {rCorr Int+3}
   (You found it on level 2 of the Dungeon)

   Int+3:     It affects your intelligence (+3).
   rCorr:     It protects you from acid and corrosion.
Jewellery
 m - a +6 ring of dexterity (left hand)
Talismans
 c - a beast talisman
 d - a flux talisman
Wands
 p - a wand of charming (4)
Scrolls
 h - 3 scrolls of identify {unknown}
 i - a scroll of teleportation {unknown}
 k - a scroll of amnesia {unknown}
Potions
 b - 2 potions of lignification
 e - a potion of curing {unknown}
 f - a potion of invisibility {unknown}
 g - a potion of brilliance {unknown}
 j - a potion of experience {unknown}
 o - a potion of cancellation {unknown}


   Skills:
 - Level 1.0 Fighting
 - Level 2.1 Dodging
 * Level 4.1 Unarmed Combat
 * Level 3.5 Shapeshifting


You knew the following spells:

 Your Spells              Type           Power      Damage    Failure   Level
a - Sting                 Conj/Alch      0%         1d3       32%         1
Your spell library was empty.

Dungeon Overview and Level Annotations

Branches:
Dungeon (3/15)

Altars:


Innate Abilities, Weirdness & Mutations

You are a hulking beast.
Your limbs bulge with bestial killing power. (Slay +2)
You are flying.
You are immune to sickness and miasma.
You are immune to poison.
Your flesh is very heat resistant. (rF++)
You are vulnerable to cold. (rC-)
You float through the air rather than walking.
You learn spells naturally, not from books.
Your magical power is your life essence.
You have superior vitality. (+4 MHP)


Message History

An orc comes into view. It is wielding a +0 club.
You see here a +0 morningstar.
An orc comes into view. It is wielding a +0 short sword.
The orc closely misses you.
The orc shouts!
You hit the orc but do no damage. The orc hits you but does no damage.
You hit the orc but do no damage. You punch the orc, but do no damage.
An orc comes into view. It is wielding a +0 flail.
The orc barely misses you.
The orc priest looks encouraged for a moment.
There are monsters nearby!
Unknown command.
You see here a +0 morningstar.
The orc attacks as it pursues you! The orc hits you with a +0 dagger.
There is a stone staircase leading up here.
The orc hits you with a +0 flail. The orc completely misses you.
You fly upwards.
There is a stone staircase leading down here.
You are too injured to fight recklessly!
You are too injured to fight recklessly!
You hit the orc.
The orc is heavily wounded.
The orc barely misses you. The orc closely misses you.
You closely miss the orc.
The orc is heavily wounded.
The orc hits you with a +0 flail.
* * * LOW HITPOINT WARNING * * *
The orc hits you with a +0 dagger.
* * * LOW HITPOINT WARNING * * *
You hit the orc.
The orc is almost dead.
The orc completely misses you. The orc closely misses you.
You closely miss the orc.
The orc is almost dead.
The orc hits you with a +0 flail.
* * * LOW HITPOINT WARNING * * *
You barely miss the orc.
The orc is almost dead.
The orc closely misses you. The orc hits you with a +0 flail.
You die...

###########
#.........#
#.######).#####
#####.#
#..##...##
......#
#.##8.ho8##
#######
#.#...o...#
#.'...8.>.#
###.......# #
##8.>.8## #
###...## #
#.##### # #.# #
#.#


You could see 2 orcs.

Vanquished Creatures
  3 adders (D:2)
  2 ribbon worms (D:2)
  4 dart slugs
  An orc (D:3)
  4 bats
  4 endoplasms
  A goblin (D:2)
  3 hobgoblins (D:2)
  2 jackals (D:2)
  2 quokkas (D:2)
  4 ball pythons
  A frilled lizard (D:2)
  3 kobolds
  3 rats
37 creatures vanquished.

Notes
Turn   | Place    | Note
-------+----------+-------------------------------------------
     0 | D:1      | mopl the Djinni Shapeshifter began the quest for the Orb.
     0 | D:1      | Reached XP level 1. HP: 17/17 MP: 0/0
   332 | D:1      | Reached XP level 2. HP: 8/22 MP: 0/0
  1195 | D:2      | Reached XP level 3. HP: 22/27 MP: 0/0
  1195 | D:2      | Learned a level 1 spell: Sting
  1411 | D:2      | Reached XP level 4. HP: 32/32 MP: 0/0
  1423 | D:2      | Identified the +2 cloak "Unavvaet" {rCorr Int+3}
  1518 | D:2      | Reached skill level 4 in Unarmed Combat
  1942 | D:2      | Slain by an orc

Illustrated notes

Levels and vault maps discovered:
D:1:      minmay_arrival_nine_rooms, layout_basic
D:2:      layout_loops_ring, grunt_ministairs_7, minmay_tall_x
D:3:      layout_basic, grunt_qazlal_sundering, chequers_mini_garden,
          uniq_grinder, uniq_terence

Skill      XL: |  1  2  3  4 |
---------------+-------------+-----
Shapeshifting  | 3 |  3.5
Unarmed Combat | 4 |  4.1
Fighting       | |  1.0
Dodging        | |  2.1

Action                     |  1- 3 |  4- 6 || total
---------------------------+-------+-------++-------
  Melee: Unarmed           |    65 |    40 ||   105
         Punch             |     5 |     2 ||     7
   Stab: Sleeping          |     1 |     4 ||     5
 Armour: Animal skin       |    36 |    17 ||    53
  Dodge: Dodged            |    46 |    19 ||    65
